| TOP OF THE 1ST |
|
Danville Dairy Daddies batting - Pitching for Columbus Clippers : RHP Osvaldo Fernandez
|
|
Pitching: RHP Osvaldo Fernandez
|
|
|
Batting: SHB Joey Cora
|
0-0: Ball 1-0: Ball 2-0: Ball 3-0: Base on Balls
|
|
Batting: LHB Midre Cummings
|
0-0: Ball 1-0: Called Strike 1-1: Ball 2-1: Foul Ball, location: 2F 2-2: Foul Ball, location: 2F 2-2: SINGLE (Groundball, 34D, EV 101.3 MPH) Joey Cora to second Runner from 2nd tries for 3rd, SAFE, no throw by RF
|
|
Batting: RHB Danny Tartabull
|
0-0: Ball 1-0: Ball 2-0: Called Strike 2-1: SINGLE (Line Drive, 5D, EV 96.3 MPH) Joey Cora scores Midre Cummings to second
|
|
Batting: RHB Mike Blowers
|
0-0: Called Strike 0-1: Foul Ball, location: 2F 0-2: Ball 1-2: Foul Ball, location: 2F 1-2: Grounds into double play, 5-4-3 (Groundball, 56, EV 79.4 MPH) Midre Cummings to third
|
|
Batting: LHB Brant Brown
|
0-0: Fly out, F7 (Flyball, 7LM, EV 90.6 MPH)
|
| Top of the 1st over - 1 run, 2 hits, 0 errors, 1 left on base; Danville 1 - Columbus 0 |
| BOTTOM OF THE 1ST |
|
Columbus Clippers batting - Pitching for Danville Dairy Daddies : LHP Mike Remlinger
|
|
Pitching: LHP Mike Remlinger
|
|
|
Batting: RHB Carlos Garcia
|
0-0: Called Strike 0-1: Foul Ball, location: 2F 0-2: Foul Ball, location: 2F 0-2: Fly out, F9 (Line Drive, 9D, EV 101.9 MPH)
|
|
Batting: LHB Kenjiro Nomura
|
0-0: Ball 1-0: Ball 2-0: Ball 3-0: Called Strike 3-1: Fly out, F6 (Line Drive, 6, EV 71.3 MPH)
|
|
Batting: RHB Derrek Lee
|
0-0: Called Strike 0-1: Fly out, F7 (Flyball, 7LM, EV 89.4 MPH)
|
| Bottom of the 1st over - 0 runs, 0 hits, 0 errors, 0 left on base; Danville 1 - Columbus 0 |
| TOP OF THE 2ND |
|
Danville Dairy Daddies batting - Pitching for Columbus Clippers : RHP Osvaldo Fernandez
|
|
Batting: RHB Mike Stanley
|
0-0: Fly out, F9 (Flyball, 9S, EV 77.5 MPH)
|
|
Batting: RHB Kevin Polcovich
|
0-0: SINGLE (Groundball, 56D, EV 95.0 MPH)
|
|
Batting: RHB Shawn Gilbert
|
0-0: Swinging Strike 0-1: Swinging Strike 0-2: Ball 1-2: SINGLE (Groundball, 6MD, EV 96.3 MPH) Kevin Polcovich to second
|
|
Batting: RHB Takahiro Ikeyama
|
0-0: Called Strike Kevin Polcovich steals 3rd base 0-1: Ball 1-1: Ball 2-1: Ball 3-1: TRIPLE (Flyball, 9D, EV 91.9 MPH) Kevin Polcovich scores Shawn Gilbert scores
|
|
Batting: SHB Joey Cora
|
0-0: Ground out 5-3 (Groundball, 56, EV 85.6 MPH) Takahiro Ikeyama scores
|
|
Batting: LHB Midre Cummings
|
0-0: Ball 1-0: Swinging Strike 1-1: Fly out, F5 (Line Drive, 5, EV 71.3 MPH)
|
| Top of the 2nd over - 3 runs, 3 hits, 0 errors, 0 left on base; Danville 4 - Columbus 0 |
| BOTTOM OF THE 2ND |
|
Columbus Clippers batting - Pitching for Danville Dairy Daddies : LHP Mike Remlinger
|
|
Batting: RHB Bubba Trammell
|
0-0: Ball 1-0: Ball 2-0: Ball 3-0: Called Strike 3-1: Foul Ball, location: 2F 3-2: SOLO HOME RUN (Flyball, 7D, EV 106.9 MPH), Distance : 396 ft
|
|
Batting: RHB Kevin Orie
|
0-0: Called Strike 0-1: Ball 1-1: Ball 2-1: Swinging Strike 2-2: Strikes out looking
|
|
Batting: RHB Wendell Magee
|
0-0: Ball 1-0: Ball 2-0: Fly out, F8 (Flyball, 8LM, EV 74.4 MPH)
|
|
Batting: RHB Tilson Brito
|
0-0: Hit by Pitch
|
|
Batting: RHB Miguel Mejia
|
0-0: Ball Passed Ball! Tilson Brito to second 1-0: Ball Passed Ball! Tilson Brito to third 2-0: Ground out 6-3 (Groundball, 6, EV 98.8 MPH)
|
| Bottom of the 2nd over - 1 run, 1 hit, 0 errors, 1 left on base; Danville 4 - Columbus 1 |
| TOP OF THE 3RD |
|
Danville Dairy Daddies batting - Pitching for Columbus Clippers : RHP Osvaldo Fernandez
|
|
Batting: RHB Danny Tartabull
|
0-0: Called Strike 0-1: Ball 1-1: Foul Ball, location: 2F 1-2: Strikes out looking
|
|
Batting: RHB Mike Blowers
|
0-0: Ball 1-0: Ball 2-0: Ball 3-0: Called Strike 3-1: Foul Ball, location: 2F 3-2: Strikes out looking
|
|
Batting: LHB Brant Brown
|
0-0: Ball 1-0: Foul Ball, location: 2F 1-1: Ground out 6-3 (Groundball, 6, EV 83.8 MPH)
|
| Top of the 3rd over - 0 runs, 0 hits, 0 errors, 0 left on base; Danville 4 - Columbus 1 |
| BOTTOM OF THE 3RD |
|
Columbus Clippers batting - Pitching for Danville Dairy Daddies : LHP Mike Remlinger
|
|
Batting: RHB Alberto T Castillo
|
0-0: Ground out U3 (Groundball, 34, EV 80.6 MPH)
|
|
Batting: RHB Carlos Garcia
|
0-0: Called Strike 0-1: Ball 1-1: Foul Ball, location: 2F 1-2: Ground out 5-3 (Groundball, 56S, EV 91.9 MPH)
|
|
Batting: LHB Kenjiro Nomura
|
0-0: Called Strike 0-1: Ball 1-1: Bunt for hit to 13S - play at first, batter OUT! 1-3
|
| Bottom of the 3rd over - 0 runs, 0 hits, 0 errors, 0 left on base; Danville 4 - Columbus 1 |
| TOP OF THE 4TH |
|
Danville Dairy Daddies batting - Pitching for Columbus Clippers : RHP Osvaldo Fernandez
|
|
Batting: RHB Mike Stanley
|
0-0: Ball 1-0: Ball 2-0: Foul Ball, location: 2F 2-1: Ball 3-1: Ground out 5-3 (Groundball, 5L, EV 102.5 MPH)
|
|
Batting: RHB Kevin Polcovich
|
0-0: Called Strike 0-1: Ball 1-1: Foul Ball, location: 2F 1-2: Ball 2-2: Foul Ball, location: 2F 2-2: Ball 3-2: SINGLE (Line Drive, 7S, EV 105.0 MPH)
|
|
Batting: RHB Shawn Gilbert
|
0-0: Ball Pickoff Throw by Catcher to First - Error! E2 Kevin Polcovich to second 1-0: Hit by Pitch
|
|
Batting: RHB Takahiro Ikeyama
|
0-0: Called Strike 0-1: Foul Ball, location: 2F 0-2: Fielders Choice at 2nd, 6-4 (Groundball, 56, EV 85.6 MPH) Kevin Polcovich to third
|
|
Batting: SHB Joey Cora
|
0-0: Called Strike 0-1: Ball 1-1: Ball 2-1: Fielders Choice at 2nd, 5-4 (Groundball, 56, EV 83.8 MPH)
|
| Top of the 4th over - 0 runs, 1 hit, 1 error, 2 left on base; Danville 4 - Columbus 1 |
| BOTTOM OF THE 4TH |
|
Columbus Clippers batting - Pitching for Danville Dairy Daddies : LHP Mike Remlinger
|
|
Batting: RHB Derrek Lee
|
0-0: Called Strike 0-1: SINGLE (Groundball, 56D, EV 98.1 MPH)
|
|
Batting: RHB Bubba Trammell
|
0-0: SINGLE (Groundball, 4S, EV 66.9 MPH) (infield hit) Derrek Lee to second
|
|
Batting: RHB Kevin Orie
|
0-0: Foul Ball, location: 2F 0-1: SINGLE (Line Drive, 7LS, EV 91.9 MPH) Derrek Lee to third Bubba Trammell to second
|
|
Batting: RHB Wendell Magee
|
0-0: Ball 1-0: Foul Ball, location: 2F 1-1: Grounds into double play, 4-6-3 (Groundball, 4, EV 88.1 MPH) Derrek Lee scores Bubba Trammell to third
|
|
Batting: RHB Tilson Brito
|
0-0: Called Strike 0-1: Ball 1-1: Ball 2-1: Ball 3-1: Foul Ball, location: 2F 3-2: Base on Balls
|
|
Batting: RHB Miguel Mejia
|
0-0: Fielders Choice at 2nd, 5-4 (Groundball, 56, EV 91.3 MPH)
|
| Bottom of the 4th over - 1 run, 3 hits, 0 errors, 2 left on base; Danville 4 - Columbus 2 |
| TOP OF THE 5TH |
|
Danville Dairy Daddies batting - Pitching for Columbus Clippers : RHP Osvaldo Fernandez
|
|
Batting: LHB Midre Cummings
|
0-0: Foul Ball, location: 2F 0-1: Ball 1-1: Foul Ball, location: 2F 1-2: Ground out 6-3 (Groundball, 6, EV 87.5 MPH)
|
|
Batting: RHB Danny Tartabull
|
0-0: Ball 1-0: Ball 2-0: Foul Ball, location: 2F 2-1: Fly out, F8 (Flyball, 8LXD, EV 88.1 MPH)
|
|
Batting: RHB Mike Blowers
|
0-0: Ball 1-0: DOUBLE (Line Drive, 9LM, EV 100.6 MPH)
|
|
Batting: LHB Brant Brown
|
0-0: Called Strike 0-1: Fly out, F9 (Flyball, 9S, EV 90.0 MPH)
|
| Top of the 5th over - 0 runs, 1 hit, 0 errors, 1 left on base; Danville 4 - Columbus 2 |
| BOTTOM OF THE 5TH |
|
Columbus Clippers batting - Pitching for Danville Dairy Daddies : LHP Mike Remlinger
|
|
Batting: RHB Alberto T Castillo
|
0-0: Fly out, F3 (Popup, 3SF, EV 77.5 MPH)
|
|
Batting: RHB Carlos Garcia
|
0-0: SINGLE (Line Drive, 6MD, EV 103.8 MPH)
|
|
Batting: LHB Kenjiro Nomura
|
0-0: Fly out, F7 (Flyball, 7S, EV 86.9 MPH)
|
|
Batting: RHB Derrek Lee
|
0-0: Ball 1-0: Ball Passed Ball! Carlos Garcia to second 2-0: Ball Wild Pitch! Carlos Garcia to third 3-0: Base on Balls
|
|
Batting: RHB Bubba Trammell
|
0-0: Called Strike 0-1: Ball 1-1: SINGLE (Popup, 4MD, EV 50.6 MPH) Carlos Garcia scores Derrek Lee to second
|
|
Batting: RHB Kevin Orie
|
0-0: Called Strike 0-1: Foul Ball, location: 2F 0-2: Fielders Choice at 2nd, 5-4 (Groundball, 5L, EV 105.0 MPH)
|
| Bottom of the 5th over - 1 run, 2 hits, 0 errors, 2 left on base; Danville 4 - Columbus 3 |
| TOP OF THE 6TH |
|
Danville Dairy Daddies batting - Pitching for Columbus Clippers : RHP Osvaldo Fernandez
|
|
Batting: RHB Mike Stanley
|
0-0: Ball 1-0: SINGLE (Line Drive, 8RS, EV 112.5 MPH)
|
|
Batting: RHB Kevin Polcovich
|
0-0: Called Strike 0-1: Called Strike 0-2: Ball 1-2: Strikes out swinging
|
|
Batting: RHB Shawn Gilbert
|
0-0: Ball 1-0: Ball 2-0: Ball 3-0: Called Strike 3-1: Foul Ball, location: 2F 3-2: Grounds into double play, 5-4-3 (Groundball, 5S, EV 88.1 MPH)
|
| Top of the 6th over - 0 runs, 1 hit, 0 errors, 0 left on base; Danville 4 - Columbus 3 |
| BOTTOM OF THE 6TH |
|
Columbus Clippers batting - Pitching for Danville Dairy Daddies : LHP Mike Remlinger
|
|
Batting: RHB Wendell Magee
|
0-0: Ball 1-0: Ball 2-0: Ball 3-0: Called Strike 3-1: Called Strike 3-2: SOLO HOME RUN (Flyball, 7D, EV 93.8 MPH), Distance : 412 ft
|
|
Pitching: RHP Aaron Small
|
|
|
Batting: RHB Tilson Brito
|
0-0: Ball 1-0: Called Strike 1-1: Foul Ball, location: 2F 1-2: Foul Ball, location: 2F 1-2: Ground out 4-3 (Groundball, 4M, EV 92.5 MPH)
|
|
Batting: RHB Miguel Mejia
|
0-0: Called Strike 0-1: Called Strike 0-2: TRIPLE (Groundball, 5L, EV 105.6 MPH)
|
|
Batting: RHB Alberto T Castillo
|
0-0: Called Strike 0-1: Ball 1-1: Called Strike 1-2: Foul Ball, location: 2F 1-2: Ground out 1-3 (Groundball, 34S, EV 67.5 MPH)
|
|
Batting: RHB Carlos Garcia
|
0-0: Ball 1-0: Ball 2-0: Foul Ball, location: 2F 2-1: Swinging Strike 2-2: Foul Ball, location: 2F 2-2: Fly out, F4 (Line Drive, 4, EV 63.8 MPH)
|
| Bottom of the 6th over - 1 run, 2 hits, 0 errors, 1 left on base; Danville 4 - Columbus 4 |
| TOP OF THE 7TH |
|
Danville Dairy Daddies batting - Pitching for Columbus Clippers : RHP Osvaldo Fernandez
|
|
Batting: RHB Takahiro Ikeyama
|
0-0: Ball 1-0: Ground out 1-3 (Groundball, 13S, EV 71.9 MPH)
|
|
Batting: SHB Joey Cora
|
0-0: Ball 1-0: Fly out, F9 (Flyball, 9LM, EV 94.4 MPH)
|
|
Batting: LHB Midre Cummings
|
0-0: Ball 1-0: Called Strike 1-1: SINGLE (Flyball, 89S, EV 96.3 MPH)
|
|
Batting: RHB Danny Tartabull
|
0-0: Called Strike 0-1: Foul Ball, location: 2F 0-2: Ball 1-2: Foul Ball, location: 2F 1-2: Strikes out swinging
|
| Top of the 7th over - 0 runs, 1 hit, 0 errors, 1 left on base; Danville 4 - Columbus 4 |
| BOTTOM OF THE 7TH |
|
Columbus Clippers batting - Pitching for Danville Dairy Daddies : RHP Aaron Small
|
|
Batting: LHB Kenjiro Nomura
|
0-0: Ground out 1-3 (Groundball, 13, EV 69.4 MPH)
|
|
Batting: RHB Derrek Lee
|
0-0: Swinging Strike 0-1: Swinging Strike 0-2: Strikes out looking
|
|
Batting: RHB Bubba Trammell
|
0-0: Called Strike 0-1: Called Strike 0-2: Ball 1-2: Foul Ball, location: 2F 1-2: Ball 2-2: Foul Ball, location: 2F 2-2: Ground out 1-3 (Groundball, P, EV 85.6 MPH)
|
| Bottom of the 7th over - 0 runs, 0 hits, 0 errors, 0 left on base; Danville 4 - Columbus 4 |
| TOP OF THE 8TH |
|
Danville Dairy Daddies batting - Pitching for Columbus Clippers : RHP Osvaldo Fernandez
|
|
Batting: RHB Mike Blowers
|
0-0: SINGLE (Flyball, 8RS, EV 85.6 MPH)
|
|
Batting: LHB Brant Brown
|
0-0: Called Strike 0-1: Foul Ball, location: 2F 0-2: Fly out, F8 (Flyball, 8LS, EV 95.0 MPH)
|
|
Batting: RHB Mike Stanley
|
0-0: Called Strike 0-1: Swinging Strike 0-2: Grounds into double play, 5-4-3 (Groundball, 5L, EV 90.6 MPH)
|
| Top of the 8th over - 0 runs, 1 hit, 0 errors, 0 left on base; Danville 4 - Columbus 4 |
| BOTTOM OF THE 8TH |
|
Columbus Clippers batting - Pitching for Danville Dairy Daddies : RHP Aaron Small
|
|
Batting: RHB Kevin Orie
|
0-0: Ball 1-0: Ball 2-0: Foul Ball, location: 2F 2-1: Foul Ball, location: 2F 2-2: Ball 3-2: Strikes out swinging
|
|
Pitching: RHP Felix Rodriguez
|
|
|
Batting: RHB Wendell Magee
|
0-0: Called Strike 0-1: Foul Ball, location: 2F 0-2: Ground out 6-3 (Groundball, 56, EV 85.0 MPH)
|
|
Batting: RHB Tilson Brito
|
0-0: Ball 1-0: Foul Ball, location: 2F 1-1: Ground out 6-3 (Groundball, 6, EV 79.4 MPH)
|
| Bottom of the 8th over - 0 runs, 0 hits, 0 errors, 0 left on base; Danville 4 - Columbus 4 |
| TOP OF THE 9TH |
|
Danville Dairy Daddies batting - Pitching for Columbus Clippers : RHP Osvaldo Fernandez
|
|
Pitching: RHP Nelson Cruz
|
|
|
Batting: RHB Kevin Polcovich
|
0-0: Called Strike 0-1: Fly out, F8 (Flyball, 8LS, EV 80.6 MPH)
|
|
Batting: RHB Shawn Gilbert
|
0-0: Foul Ball, location: 2F 0-1: Reached on error, E5 (Groundball, 56S, EV 88.1 MPH)
|
|
Batting: RHB Takahiro Ikeyama
|
0-0: Ball 1-0: Called Strike 1-1: Called Strike 1-2: Strikes out swinging
|
|
Batting: SHB Joey Cora
|
0-0: Fielders Choice at 2nd, 6-4 (Groundball, 6, EV 100.6 MPH)
|
| Top of the 9th over - 0 runs, 0 hits, 1 error, 1 left on base; Danville 4 - Columbus 4 |
| BOTTOM OF THE 9TH |
|
Columbus Clippers batting - Pitching for Danville Dairy Daddies : RHP Felix Rodriguez
|
|
Pitching: RHP Mike Fyhrie
|
|
|
Pinch Hitting: LHB Chris Pritchett
|
0-0: Fly out, F8 (Flyball, 8RM, EV 85.0 MPH)
|
|
Pinch Hitting: LHB Alex Hernandez
|
0-0: Ball 1-0: Foul Ball, location: 2F 1-1: Foul Ball, location: 2F 1-2: Fly out, F8 (Flyball, 8RD, EV 103.1 MPH)
|
|
Batting: RHB Carlos Garcia
|
0-0: Called Strike 0-1: Foul Ball, location: 2F 0-2: Ball 1-2: Strikes out swinging
|
| Bottom of the 9th over - 0 runs, 0 hits, 0 errors, 0 left on base; Danville 4 - Columbus 4 |
| TOP OF THE 10TH |
|
Danville Dairy Daddies batting - Pitching for Columbus Clippers : RHP Nelson Cruz
|
|
Now at C: Raul Chavez
|
|
|
Now in RF: Alex Hernandez
|
|
|
Batting: LHB Midre Cummings
|
0-0: Ball 1-0: Foul Ball, location: 2F 1-1: Ball 2-1: Ball 3-1: Foul Ball, location: 2F 3-2: Foul Ball, location: 2F 3-2: Base on Balls
|
|
Batting: RHB Danny Tartabull
|
0-0: Called Strike 0-1: Foul Ball, location: 2F 0-2: Foul Ball, location: 2F 0-2: Grounds into double play, 6-4-3 (Groundball, 6, EV 81.3 MPH)
|
|
Batting: RHB Mike Blowers
|
0-0: Foul Ball, location: 2F 0-1: Called Strike 0-2: Strikes out looking
|
| Top of the 10th over - 0 runs, 0 hits, 0 errors, 0 left on base; Danville 4 - Columbus 4 |
| BOTTOM OF THE 10TH |
|
Columbus Clippers batting - Pitching for Danville Dairy Daddies : RHP Mike Fyhrie
|
|
Batting: LHB Kenjiro Nomura
|
0-0: Ball 1-0: Ball 2-0: Foul Ball, location: 2F 2-1: Ball 3-1: Base on Balls
|
|
Batting: RHB Derrek Lee
|
0-0: Foul Ball, location: 2F 0-1: Ball 1-1: SINGLE (Groundball, 6MD, EV 98.1 MPH) Kenjiro Nomura to second
|
|
Batting: RHB Bubba Trammell
|
0-0: Ball 1-0: Swinging Strike 1-1: Ball 2-1: Foul Ball, location: 2F 2-2: Ball 3-2: Strikes out swinging Kenjiro Nomura steals 3rd base Batter strikes out. Derrek Lee to second
|
|
Batting: RHB Kevin Orie
|
0-0: Swinging Strike 0-1: Foul Ball, location: 2F 0-2: Ball 1-2: Ball 2-2: Fly out, F6 (Popup, 4MD, EV 56.9 MPH)
|
|
Batting: RHB Wendell Magee
|
0-0: Called Strike 0-1: Ball 1-1: Fly out, F9 (Flyball, 89D, EV 108.8 MPH)
|
| Bottom of the 10th over - 0 runs, 1 hit, 0 errors, 2 left on base; Danville 4 - Columbus 4 |
| TOP OF THE 11TH |
|
Danville Dairy Daddies batting - Pitching for Columbus Clippers : RHP Nelson Cruz
|
|
Pitching: RHP Wayne Gomes
|
|
|
Batting: LHB Brant Brown
|
0-0: Fly out, F8 (Line Drive, 78M, EV 93.1 MPH)
|
|
Batting: RHB Mike Stanley
|
0-0: Called Strike 0-1: Foul Ball, location: 2F 0-2: Strikes out looking
|
|
Batting: RHB Kevin Polcovich
|
0-0: Called Strike 0-1: Called Strike 0-2: Foul Ball, location: 2F 0-2: Strikes out swinging
|
| Top of the 11th over - 0 runs, 0 hits, 0 errors, 0 left on base; Danville 4 - Columbus 4 |
| BOTTOM OF THE 11TH |
|
Columbus Clippers batting - Pitching for Danville Dairy Daddies : RHP Mike Fyhrie
|
|
Pitching: RHP Jay Witasick
|
|
|
Batting: RHB Tilson Brito
|
0-0: Ball 1-0: Ball 2-0: Ball 3-0: Called Strike 3-1: Foul Ball, location: 2F 3-2: Ground out 6-3 (Groundball, 6, EV 85.0 MPH)
|
|
Batting: RHB Raul Chavez
|
0-0: SINGLE (Line Drive, 78S, EV 110.0 MPH)
|
|
Batting: LHB Alex Hernandez
|
0-0: Ball 1-0: Ball Wild Pitch! Raul Chavez to second 2-0: Called Strike 2-1: Ball 3-1: Base on Balls
|
|
Pitching: RHP A J Sager
|
|
|
Batting: RHB Carlos Garcia
|
0-0: Foul Ball, location: 2F 0-1: Foul Ball, location: 2F 0-2: Ball 1-2: Fly out, F3 (Popup, 3F, EV 61.9 MPH)
|
|
Batting: LHB Kenjiro Nomura
|
0-0: Ball 1-0: Swinging Strike 1-1: Foul Ball, location: 2F 1-2: Strikes out swinging
|
| Bottom of the 11th over - 0 runs, 1 hit, 0 errors, 2 left on base; Danville 4 - Columbus 4 |
| TOP OF THE 12TH |
|
Danville Dairy Daddies batting - Pitching for Columbus Clippers : RHP Wayne Gomes
|
|
Batting: RHB Shawn Gilbert
|
0-0: Ground out 6-3 (Groundball, 6, EV 104.4 MPH)
|
|
Batting: RHB Takahiro Ikeyama
|
0-0: Called Strike 0-1: Ball 1-1: Ball 2-1: Called Strike 2-2: Strikes out swinging
|
|
Batting: SHB Joey Cora
|
0-0: Swinging Strike 0-1: Ball 1-1: SINGLE (Groundball, 3D, EV 98.1 MPH)
|
|
Batting: LHB Midre Cummings
|
0-0: Ball 1-0: Ball 2-0: Ball 3-0: Called Strike 3-1: DOUBLE (Line Drive, 8LXD, EV 95.6 MPH) Joey Cora to third Runner from 3rd tries for Home, SAFE, no throw by CF
|
|
Batting: RHB Danny Tartabull
|
0-0: Called Strike 0-1: Swinging Strike 0-2: Foul Ball, location: 2F 0-2: Strikes out swinging
|
| Top of the 12th over - 1 run, 2 hits, 0 errors, 1 left on base; Danville 5 - Columbus 4 |
| BOTTOM OF THE 12TH |
|
Columbus Clippers batting - Pitching for Danville Dairy Daddies : RHP A J Sager
|
|
Batting: RHB Derrek Lee
|
0-0: SINGLE (Groundball, 56D, EV 106.3 MPH)
|
|
Batting: RHB Bubba Trammell
|
0-0: Called Strike 0-1: Foul Ball, location: 2F 0-2: 2-RUN HOME RUN (Flyball, 7D, EV 103.8 MPH), Distance : 412 ft
|
 |
|
Saturday, February 28th, 2026 - OOTP Baseball 20.8 Build 74
|
|